[Event "Qatar Masters op"]
[Site "Doha"]
[Date "2015.12.27"]
[Round "7"]
[White "Carlsen, Magnus"]
[Black "Giri, Anish"]
[Result "1/2-1/2"]
[ECO "B92"]
[WhiteElo "2834"]
[BlackElo "2784"]
[Annotator "ChessBase"]
[PlyCount "103"]
[EventDate "2015.12.20"]
[EventType "swiss"]
[EventRounds "9"]
[EventCountry "QAT"]
[SourceTitle "CBM 170"]
[Source "ChessBase"]
[SourceDate "2016.01.15"]
[SourceVersion "1"]
[SourceVersionDate "2016.01.15"]
[SourceQuality "1"]
[TimeControl "6000+670"]
[WhiteClock "0:32:18"]
[BlackClock "0:26:39"]

1. e4 c5 2. Nf3 d6 3. d4 Nf6 4. Nc3 cxd4 5. Nxd4 a6 6. Be2 {Carlsen - mit einem halben Punkt Vorsprung in der Tabelle - scheut riskante Varianten und versucht mit diesem System einen kleinen Vorteil zu bekommen und danach zu drücken.} e5 7. Nb3 Be7 8. Bg5 Be6 (8... Nc6 $5 {war Carlsens Wahl in der vierten Runde} 9. Qd3 Nb4 10. Qd2 h6 11. Bxf6 Bxf6 12. Nd5 Nxd5 13. Qxd5 Qc7 14. O-O-O Be7 15. Kb1 Be6 $15 {0-1 (42) Duda,J (2663)-Carlsen,M (2834) 2015}) 9. Bxf6 Bxf6 10. Qd3 Be7 11. Nd5 Nd7 12. Rd1 (12. O-O-O Bxd5 13. Qxd5 Qc7 $11 {bringt etwas Schärfe in die Stellung, doch gibt Schwarz auch einen potentiellen Königsangriff}) 12... Bxd5 13. Qxd5 Qc7 {Diagramm [#] Ein sehr typisches Szenario der Najdorf-Variante: Weiß hat das Feld d5 fest unter Kontrolle und setzt nun alles daran, eine Leichtrigur, im Optimalfall den Springer dorthin zu bringen. Mögliche Zugangsfelder sind e3 und b4, da der Bauer auf c2 auf c3 gestellt werden muss, da er ansonsten schwer zu decken ist. Nach e3 oder b4 kommt der Springer am besten über d2-f1-->e3 oder a1-c2 --> e3/b4} 14. Nd2 {bringt den Springer über zweitgenannte Route auf den Weg Richtung d5 - wo er allerdings nie ankommen wird} (14. Qc4 Qxc4 15. Bxc4 Nf6 16. Bd5 Nxd5 17. Rxd5 Rc8 {ist die optimale Figurenverteilung für Weiß, doch auch hier ist der Sb3 zu weit vom Idealziel d5 entfernt - zudem kann Schwarz schnell seine Entwicklung vollenden und mit .. .f5 das weiße Zentrum attackieren.} 18. c3 g6 19. Ke2 Kd7 20. Rhd1 Ke6 21. Nd2 f5 22. a4 Rhd8 23. c4 Rc6 24. b3 Rf8 25. f4 exf4 26. Kf3 Rc5 27. Re1 Kd7 28. Rxc5 dxc5 29. exf5 Rxf5 30. Ne4 h5 31. Nc3 g5 32. h3 Bd6 33. Nd5 Be5 34. h4 gxh4 35. Rh1 Rg5 36. Rxh4 Rg3+ 37. Ke4 Bd6 38. Rxh5 Rxb3 39. Rh6 Rb2 40. Nf6+ Kc6 41. Kf5 Bb8 42. a5 {1/2-1/2 (42) Vachier Lagrave,M (2766)-Wojtaszek,R (2733) Biel 2014}) (14. c3 $5 O-O 15. O-O b5 16. Na1 {[%cal Ga1c2,Gc2b4,Gc2e3] wäre die Alternative gewesen: Der Vorteil von dem Sc2 ist klar ersichtlich: Schwarz muss sich um beide Problemfelder gleichzeitig kümmern}) ({RR} 14. O-O O-O 15. c4 Rfc8 16. Qd3 Rd8 17. Bg4 Nf6 18. Bh3 b5 19. Rc1 Qb6 20. Nd2 Qb7 21. Rfe1 Bf8 22. b3 g6 23. Rc2 Bh6 24. Nf1 bxc4 25. Rxc4 a5 26. g3 Qb5 27. Qf3 Kg7 28. Ne3 Bxe3 {Putnam,L (2462)-Griffith,K (2403) New York USA 2025 1-0 (42)}) 14... O-O 15. O-O (15. Nc4 $6 {funktioniert ohne Rochade nicht} Nf6 16. Qd3 b5 17. Ne3 Qa5+ ) 15... b5 16. c3 g6 $146 ({RR} 16... Rad8 17. Bf3 Kh8 18. Rfe1 Nb6 19. Qb3 d5 20. Nf1 f5 21. exd5 e4 22. Be2 Qc5 23. Ng3 Bh4 24. Qb4 Qxb4 25. cxb4 Nxd5 26. a3 g6 27. Bf1 Bf6 {½-½ (27) Makka,I (2167)-Cramling Bellon,A (1978) Caleta 2018}) ({RR} 16... Rfd8 17. Rfe1 Bg5 18. Nf1 Nf6 19. Qd3 Qc5 20. Bf3 Rac8 21. g3 h5 22. h4 Bh6 23. a3 g6 24. Kg2 Qc4 25. Ne3 Bxe3 26. Qxe3 Kg7 27. Rd2 Qc5 28. Qd3 Qb6 29. Qe3 Qxe3 30. Rxe3 Kf8 31. Bd1 {Guliev,L (2389)-Idani,P (2496) Nakhchivan 2015 ½-½ (80)}) 17. a3 {mit der möglichen Drohung c4 - folgende Konstellation wäre für Weiß gut} Rab8 (17... Rfe8 $2 18. c4 Nb6 19. Qd3 bxc4 20. Nxc4 Nxc4 21. Qxc4 Qxc4 22. Bxc4 $16) 18. Rfe1 Rfd8 19. Qa2 (19. Nf1 $2 Nf6 20. Qd3 d5 $15) 19... Nc5 20. Bf1 Bg5 21. Nb3 {spätestens hier ist klar, dass der weiße Plan nicht aufgegangen ist, der Springer hat auf b3 keine Zukunft} Qc6 22. Na5 Qc7 23. Nb3 Qc6 24. Rd5 Nd7 25. Rd3 Nc5 26. Rf3 $5 (26. Rd5 {mit Remisschluss wäre eine logische Folge gewesen. Doch Carlsen findet eine interessante Ressource, der Partie noch einmal Leben einzuhauchen.}) 26... Rd7 {Diagramm [#]} 27. Na5 Qa8 28. Qd5 Qxd5 29. exd5 {Schwarz ist von seinem Problemfeld d5 erlöst und kann nun seine Bauernmehrheit auf den Vormarsch bringen. Weiß hingegen hat mit b4 nebst c4 und Spiel auf den weißen Feldern einen ebenso konkreten Plan.} e4 30. Rh3 f5 31. Nc6 Rb6 32. b4 Na4 33. c4 Rc7 34. Rb3 {soweit verlief in diesem Partiestadium alles logisch, nun ist es für beide Seiten schwer die Stellung wirklich zu verstärken ohne große Schwächen zu kreieren.} Bd2 {gibt das Zugrecht ab, allerdings steht der Turm auf d1 schlechter als auf e1} (34... Bf6 35. f3 $13) 35. Rd1 Bg5 36. g3 Bf6 37. Rc1 Rbxc6 $5 {nicht erzwungen, da c5 wohl nicht drohte, aber aussichtsreich} (37... Kg7 38. f3 $5 $13 (38. c5 $2 Rbxc6 39. dxc6 Rxc6 $15)) 38. dxc6 Rxc6 39. Rbb1 Bg5 40. Rc2 d5 41. c5 d4 42. Rd1 Bf6 $1 (42... d3 $2 43. Bxd3 exd3 44. Rxd3 $16) 43. Rcd2 Nc3 {wickelt in ein Endspiel ab, dass mit etwas genauem Spiel von Schwarz remis ist} 44. Rxd4 Nxd1 45. Rxd1 Bb2 46. Rd8+ Kf7 47. Ra8 Bxa3 48. Bxb5 Rc7 (48... axb5 $2 49. Rxa3 $16) 49. Rxa6 Bxb4 50. c6 Ke7 51. Rb6 Bd6 52. Rb7 1/2-1/2

[Event "Tata Steel-A 79th"]
[Site "Wijk aan Zee"]
[Date "2017.01.25"]
[Round "10"]
[White "Harikrishna, Pentala"]
[Black "Carlsen, Magnus"]
[Result "1/2-1/2"]
[ECO "C48"]
[WhiteElo "2766"]
[BlackElo "2840"]
[Annotator "ChessBase II"]
[PlyCount "73"]
[EventDate "2017.01.14"]
[EventType "tourn"]
[EventRounds "13"]
[EventCountry "NED"]
[EventCategory "21"]
[SourceTitle "CBM 177"]
[Source "ChessBase"]
[SourceDate "2017.03.16"]
[SourceVersion "1"]
[SourceVersionDate "2017.03.16"]
[SourceQuality "1"]
[TimeControl "40/6000+30:20/3000+30:900+30"]

1. e4 e5 2. Nf3 Nc6 3. Nc3 Nf6 4. Bb5 Bd6 5. d3 O-O 6. O-O (6. a3 Re8 7. g4 Bc5 8. Rg1 d5 9. g5 Ng4 10. Rg2 Nxf2 11. Rxf2 Bxf2+ 12. Kxf2 d4 13. Ne2 Qd6 14. Ng3 Bg4 15. Qh1 Rf8 16. Bc4 Ne7 17. h3 Be6 18. Nh4 Bxc4 19. dxc4 f6 20. Nhf5 Nxf5 21. exf5 fxg5 22. Bxg5 c6 23. Re1 d3 24. cxd3 Qxd3 25. Qe4 Qb3 26. Re2 Rae8 27. Kg2 Rf7 28. Rd2 Ref8 29. h4 b5 30. cxb5 cxb5 31. Qxe5 h6 32. Be3 Rc8 33. Nh5 Rc2 34. f6 Rxd2+ 35. Bxd2 Qd3 {Naiditsch,A (2687)-Malakhov,V (2713) Doha 2016 1-0 (73)}) 6... h6 7. a3 Re8 8. h3 Bc5 9. Be3 Nd4 10. Bc4 c6 11. Re1 $146 (11. Bxd4 exd4 12. Ne2 d5 13. exd5 Nxd5 14. Re1 Nf6 15. Qd2 Be6 16. Bxe6 Rxe6 17. Ng3 Rxe1+ 18. Rxe1 Qd7 19. Qf4 Nd5 20. Qe5 f6 21. Qe4 Nc7 22. Qf5 Qxf5 23. Nxf5 Rd8 24. b4 Bf8 25. N5xd4 c5 26. bxc5 Bxc5 27. Nb3 Bxa3 28. Ra1 Nb5 29. Na5 Bf8 30. Nxb7 Rb8 31. Na5 Nc3 32. Nc4 Bc5 33. Kf1 f5 34. g3 f4 35. gxf4 Nd5 36. d4 Bf8 37. f5 Nf4 38. h4 Rb4 39. Ne3 a5 40. c4 a4 {Acs,P (2567)-Hera,I (2564) Hungary 2013 ½-½ (74)}) ({RR} 11. Bxd4 exd4 12. Ne2 d5 13. exd5 Nxd5 14. Re1 Nf6 15. Qd2 Be6 16. Bxe6 Rxe6 17. Ng3 Rxe1+ 18. Rxe1 Qd7 19. Qf4 Nd5 20. Qe5 f6 21. Qe4 Nc7 22. Qf5 Qxf5 23. Nxf5 Rd8 24. b4 Bf8 25. N5xd4 c5 {Acs,P (2567)-Hera,I (2564) Hungary 2013 ½-½ (74)}) 11... Nxf3+ 12. Qxf3 Bxe3 13. fxe3 b5 14. Ba2 a5 15. Ne2 d6 16. Ng3 Be6 17. Rf1 d5 18. Rf2 Ra7 19. exd5 cxd5 20. Nf5 Kh7 21. Qg3 Bxf5 22. Rxf5 Rc7 23. c3 b4 24. cxb4 axb4 25. a4 b3 26. Bxb3 Qb8 27. Ra3 e4 28. Kh2 exd3 29. Bxd5 d2 30. Rd3 Rc2 31. Qxb8 Rxb8 32. b3 Nxd5 33. Rfxd5 d1=Q 34. Rxd1 Rxb3 35. R5d2 Rxd2 36. Rxd2 Ra3 37. Kg1 1/2-1/2

[Event "Tata Steel-A 79th"]
[Site "Wijk aan Zee"]
[Date "2017.01.27"]
[Round "11"]
[White "Carlsen, Magnus"]
[Black "Adhiban, Baskaran"]
[Result "1/2-1/2"]
[ECO "B01"]
[WhiteElo "2840"]
[BlackElo "2653"]
[Annotator "ChessBase II"]
[PlyCount "98"]
[EventDate "2017.01.14"]
[EventType "tourn"]
[EventRounds "13"]
[EventCountry "NED"]
[EventCategory "21"]
[SourceTitle "CBM 177"]
[Source "ChessBase"]
[SourceDate "2017.03.16"]
[SourceVersion "1"]
[SourceVersionDate "2017.03.16"]
[SourceQuality "1"]
[TimeControl "40/6000+30:20/3000+30:900+30"]

1. e4 d5 2. exd5 Nf6 3. Nf3 Nxd5 4. d4 Bg4 5. h3 Bh5 6. Be2 Nc6 7. O-O e6 8. c3 (8. c4 Nf6 9. Nc3 Be7 10. Be3 O-O 11. Qd2 Bg6 12. Bd3 Bxd3 13. Qxd3 Nb4 14. Qe2 c6 15. a3 Na6 16. b4 Nc7 17. Rab1 Qc8 18. Rfc1 a5 19. Ne5 axb4 20. axb4 Ra3 21. Qb2 Ra8 22. Qb3 Nd7 23. Na4 Rb8 24. Bf4 Nxe5 25. Bxe5 f6 26. Nb6 Qd8 27. Bxc7 Qxc7 28. c5 Bd8 29. Qxe6+ Qf7 30. Qxf7+ Rxf7 31. Nc4 Rd7 32. b5 cxb5 33. Nd6 b6 34. Rxb5 Bc7 35. Nf5 bxc5 36. Rxb8+ Bxb8 37. dxc5 Bf4 {Gdanski,J (2542)-Pakleza,Z (2509) Katowice 2010 1-0 (65)}) ({RR} 8. c4 Nf6 9. Nc3 Be7 10. Be3 O-O 11. Qd2 Bg6 12. Bd3 Bxd3 13. Qxd3 Nb4 14. Qe2 c6 15. a3 Na6 16. b4 Nc7 17. Rab1 Qc8 18. Rfc1 a5 19. Ne5 axb4 20. axb4 Ra3 21. Qb2 Ra8 22. Qb3 Nd7) 8... Be7 9. Ne5 ({RR} 9. Nbd2 O-O 10. Ne4 Bg6 11. Ng3 ({RR} 11. Ng3 Bd6 12. Re1 Re8 13. Bb5 Nde7 14. Ne4 a6 15. Ba4 b5 16. Bc2 Nd5 17. Bg5 Qd7 18. Nh4 Bxe4 19. Bxe4 h6 20. Bxh6 gxh6 21. Qg4+ Kf8 22. Bxd5 h5 23. Bxc6 Qxc6 24. Qxh5 Qd5 25. Qxd5 exd5) 11... Bd6 12. Re1 Re8 13. Bb5 Nde7 14. Ne4 a6 15. Ba4 b5 16. Bc2 Nd5 17. Bg5 Qd7 18. Nh4 Bxe4 19. Bxe4 h6 20. Bxh6 gxh6 21. Qg4+ Kf8 22. Bxd5 h5 23. Bxc6 Qxc6 {Nepomniachtchi,I (2755)-Pakleza,Z (2483) chess.com INT 2024 1-0 (40)}) ({RR} 9. Nbd2 O-O 10. Ne4 Bg6 11. Bd3 Re8 ({RR} 11... Qd7 12. Qe2 Rad8 13. a3 e5 14. Ng3 exd4 15. Bxg6 hxg6 16. cxd4 Bf6 17. Rd1 Rfe8 18. Ne4 Nce7 19. b4 Nf5 20. Bb2 Nd6 21. Ne5 Qf5 22. Re1 Nxe4 23. Qxe4 Qxe4 24. Rxe4 Bg5 25. Ree1 f6 26. Nd3) 12. Re1 a6 13. a4 h6 14. Bd2 Bf8 15. Qc2 Rb8 16. Re2 Bh5 17. g4 Bg6 18. Rae1 b5 19. axb5 axb5 20. b4 Qc8 21. Ng3 Bxd3 22. Qxd3 Bd6 23. g5 Nf4 {Dau Khuong Duy (2489)-Pakleza,Z (2494) chess.com INT 2025 1-0 (40)}) 9... Nxe5 10. Bxh5 Ng6 11. Qb3 $146 (11. Bf3 c6 12. Re1 O-O 13. Nd2 Qc7 14. Nc4 Rad8 15. Qe2 Bf6 16. g3 Nb6 17. Ne3 Be7 18. h4 c5 19. h5 cxd4 20. hxg6 dxe3 21. gxf7+ Rxf7 22. Bxe3 Kh8 23. Be4 g6 24. Qg4 Bc5 25. Qxe6 Rdf8 26. Bd4+ Bxd4 27. cxd4 Rxf2 28. Qe5+ Qxe5 29. dxe5 Rxb2 30. Bxb7 Nc8 31. Reb1 Re2 32. Rf1 Re8 33. Bc6 Rd8 34. Rae1 Rxe1 35. Rxe1 Ne7 36. Ba4 Rd2 37. Bb3 h5 38. Re4 Kg7 39. g4 hxg4 40. Rxg4 Re2 {Vospernik,M-Karaklajic,N Zagreb 1961 ½-½}) ({RR} 11. f4 Qd7 12. Qb3 c5 13. Be2 O-O 14. Bb5 Qd6 15. f5 Nh4 16. Bc4 Qg3 17. Bxd5 exd5 18. Qxd5 Bd6 19. f6 Rfe8 20. Bf4 Bxf4 21. Rxf4 Re1+ 22. Rf1 Qe3+ 23. Kh2 Rxf1 24. Qe5 Nf3+ 25. gxf3 Qg1# {Poorna,S (1493)-Abirama Srinithi,G (1583) Saravanampatty 2017 0-1}) ({RR} 11. Bf3 c6 12. Re1 O-O 13. Nd2 Qc7 14. Nc4 Rad8 15. Qe2 Bf6 16. g3 Nb6 17. Ne3 Be7 18. h4 c5 19. h5 cxd4 20. hxg6 dxe3 21. gxf7+ Rxf7 22. Bxe3 Kh8 23. Be4 g6 24. Qg4 Bc5 25. Qxe6 Rdf8) 11... Rb8 12. c4 Nf6 13. Bxg6 hxg6 14. Qa4+ c6 15. Qxa7 Bd6 16. Nc3 Bc7 17. Rd1 Qd6 18. g3 Qd7 19. h4 O-O 20. Qc5 b5 21. cxb5 cxb5 22. a3 Rfc8 23. Qg5 b4 24. axb4 Rxb4 25. Qd2 Bb6 26. Ne2 Rbc4 27. Qd3 e5 28. Bg5 Ng4 29. Rac1 Rxc1 30. Rxc1 Re8 31. Rd1 exd4 32. Bf4 Nf6 33. Nc1 Nd5 34. Bd2 Qc6 35. Ne2 Qf6 36. Rc1 Qf5 37. Qxf5 gxf5 38. Kf1 d3 39. Nc3 Nxc3 40. Rxc3 Bd4 41. Rb3 g6 42. f3 Be5 43. g4 fxg4 44. fxg4 Bf6 45. h5 gxh5 46. gxh5 Re5 47. h6 Kh7 48. Rxd3 Rf5+ 49. Ke2 Bxb2 1/2-1/2

[Event "Grenke Chess Classic 4th"]
[Site "Karlsruhe/Baden-Baden"]
[Date "2017.04.17"]
[Round "3"]
[White "Hou, Yifan"]
[Black "Carlsen, Magnus"]
[Result "1/2-1/2"]
[ECO "B90"]
[WhiteElo "2649"]
[BlackElo "2838"]
[Annotator "Moradiabadi,Elshan"]
[PlyCount "75"]
[EventDate "2017.04.15"]
[EventType "tourn"]
[EventRounds "7"]
[EventCountry "GER"]
[EventCategory "20"]
[SourceTitle "CBM 178"]
[Source "ChessBase"]
[SourceDate "2017.05.14"]
[SourceVersion "1"]
[SourceVersionDate "2017.05.14"]
[SourceQuality "1"]
[TimeControl "60"]

1. e4 {[%emt 0:00:00] Chessbase - Stockfish 17} c5 2. Nf3 d6 3. d4 cxd4 4. Nxd4 Nf6 5. Nc3 a6 6. a4 {[%emt 0:05:20] A choice of Carlsen himself.} e5 7. Nf3 Be7 8. Bg5 {[%emt 0:01:52] Less ambitious but more solid!} Be6 9. Bxf6 Bxf6 10. Nd5 Nd7 11. Bc4 Rc8 12. Qe2 Nb6 {[%emt 0:15:06] The World Champion spent a lot of time here. I am sure he knew the right continuation but was unhappy with the course of the game which has let White dry up the position.} 13. Nxf6+ Qxf6 14. Bxe6 Qxe6 15. O-O (15. b3 O-O 16. Rd1 Rc6 {1/2-1/2 (16) Svidler,P (2739)-Grischuk,A (2746) Khanty-Mansiysk 2011}) ({RR} 15. b3 O-O 16. Rd1 d5 17. a5 dxe4 18. Qxe4 Nd7 19. Ng5 Qh6 20. Rxd7 Qxg5 21. O-O Rc5 22. b4 Rc3 23. Rxb7 Rfc8 24. Qd5 Qf6 25. Rb6 Qe7 26. Rxa6 Qxb4 27. Rb6 Qd4 28. Qxd4 exd4 29. a6 Ra3 {Hou,Y (2658)-Munkhzul,T (2278) Chess.com INT 2020 1-0 (31)}) 15... O-O 16. Rfd1 Rc6 17. a5 $146 {[%emt 0:18:39] Finally a new move after a long think by the World Women's number one.} ({RR} 17. b3 Nd7 18. Rd2 Nf6 ({RR} 18... Rfc8 19. Rad1 Qe7 20. g3 Nc5 21. Rd5 b5 22. axb5 axb5 23. h4 h6 24. h5 Qf6 25. R1d2 b4 26. Nh4 Ne6 27. Nf5 Nd4 28. Nxd4 exd4 29. Rb5 Rc3 30. Rxb4 d3 31. cxd3 Rc1+ 32. Kh2 Rb1 33. Rc4) 19. Rad1 Qg4 ({RR} 19... Rfc8) ({RR} 19... Rd8) 20. Rxd6 Rxd6 21. Rxd6 Nxe4 22. h3 Qf4 23. g3 ({RR} 23. Rd7 b5 24. axb5 axb5 25. g3 Qc1+ 26. Kg2 Nf6 27. Rd1 Qb2 28. Nxe5 Re8) 23... Qc1+ 24. Qd1 Qxd1+ 25. Rxd1 f6 26. a5 Rc8 27. c4 Rc7 28. Kf1 Kf7 29. Rc1 Nc5 30. Rb1 Nd3 31. Nd2 Nb4 {Nguyen,T (2668)-L'Ami,E (2614) Wijk aan Zee 2025 [Chessbase - Stockfish 17] ½-½ (37)}) ({RR} 17. b3 Nd7 18. Rd2 Rfc8 19. Rad1 Qe7 20. g3 Nc5 21. Rd5 b5 22. axb5 axb5 23. h4 h6 24. h5 Qf6 25. R1d2 b4 26. Nh4 Ne6 27. Nf5 Nd4 28. Nxd4 exd4 29. Rb5 Rc3 30. Rxb4 d3 31. cxd3 Rc1+ {Ivanchuk,V (2611)-Donchenko,A (2633) Sant Ferran de ses Roques ESP 2024 ½-½ (54)}) 17... Nd7 18. b3 Rfc8 19. Rd2 Nc5 20. Rad1 Qe7 21. Qe3 g6 22. g3 {[%emt 0:02:33] The position is balanced but unlike most of the cases, it is Carlsen who does not have the patience to wait.} b5 $6 {[%emt 0:02:05] Played after just a short thinking since Black needs to save time as Carlsen spent a lot of time early on in the game.} (22... Ne6 23. c4 Rb8 {and now b6 where Black compensates for his weaknesses by attacking b3.}) 23. axb6 Rxb6 24. Rd5 Rcc6 $6 {[%emt 0:16:20] A strange square for the rook.} (24... Rbc6 25. Nd2 Ne6 26. Nc4 Nd4 27. c3 Nxb3 28. Nxd6 Rf8 29. c4 Nd4 30. c5 {is not fun to play but is better than what Carlsen did.}) 25. Nd2 $1 Nb7 26. Nc4 Rb5 27. Qa7 $1 $16 {[%emt 0:00:00] Excellent play by Hou Yifan, Black is completely tied up!} Qc7 28. Rxb5 $2 {[%emt 0:12:11] A pity. Hou Yifan concedes a draw precisely when she had the World Champion on the ropes!} (28. h4 h5 29. Ra1 Rb4 $1 30. Rd2 $1 {An excellent prophylactic move.} ({Rushing to take the pawn with} 30. Rxa6 {would let Black confuse the issue with the strong exchange sacrifice} Rcxc4 $1 31. bxc4 Rb1+ 32. Kh2 $1 {The reason this is the best move will be clear in an instant:} Qxc4 33. Ra1 {Now it is understood. If the king had been on g2, Black could have struck with ...f1+, but now there is no such killer blow. Therefore} Rxa1 34. Qxa1 Qxc2 35. Kg1 Nc5 36. Rxd6 Nxe4 37. Rd8+ Kh7 38. Qa7 Qb3 {with good winning chances but it is not clear how winning this position is... if at all.}) 30... a5 31. Ne3 Nc5 32. Qxc7 Rxc7 33. Rxd6 Nxe4 34. Rd5 f6 35. Raxa5 Rd4 36. Kg2 {and I believe Carlsen would be first in line to play this position!}) 28... axb5 29. Nxd6 {[%emt 0:00:10] And now the draw is inevitable.} Nxd6 30. Qxc7 Rxc7 31. Rxd6 Rxc2 32. Rd5 Re2 33. Rxe5 b4 34. Rb5 Rxe4 35. Kg2 Rd4 36. Kf1 Re4 37. Kg2 Rd4 38. Kf1 1/2-1/2